Description

The Goal of this Build is to go for 3 Bases with 24 Drones on 1 Gas with a Roachwarren on 24 supply, than build 7 Roaches and walk across the map, morph 2 Ravagers when u arrive his natural Base and then only reinforce withspeedlings! EZ Win, EZ Life , EZ Game ;p

hf gl on ladder!

VOD

https://www.youtube.com/watch?v=n71KChE-Ubw&feature=youtu.be

Replay - ZvP- Roach Ravager Ling allin

Build Order

Get SALT Encoding   

  12  0:00  Drone  
  13  0:13  Overlord  
  13  0:19  Drone  
  14  0:32  Drone x2  
  16  0:50  Hatchery  
  16  0:53  Drone x2  
  17  0:59  Drone  
  18  1:09  Extractor  
  17  1:15  Spawning Pool  
  16  1:19  Drone x2  
  18  1:29  Drone  
  19  1:48  Hatchery  
  19  2:00  Overlord  
  19  2:05  Zergling x4  
  21  2:18  Queen  
  25  2:31  Metabolic Boost  
  25  2:44  Roach Warren  
  25  3:10  Overlord  
  27  3:13  Zergling x6  
  30  3:26  Roach x5  
  42  3:34  Roach x2  
  44  3:43  Overlord  
  44  3:45  Zergling x4  
  46  3:54  Zergling x6  
  53  4:13  Overlord  
  53  4:21  Ravager  
  59  4:52  Ravager  
  52  5:31  Queen  
  52  5:33  Roach  
  54  5:45  Roach  
  53  6:14  Roach  
Spawning Tool Build Advisor. Get it on Overwolf

Go to:

Details

  • Created by: birdy     
  • Published on: Dec 20, 2017
  • Modified on: Dec 29, 2017
  • Patch: 4.0.0
Show
View Real Time Build Order
Export as new Build Order

Comments (0)

There are no comments. Be the first!

Create an account to comment!